 Dungeon Crawl Stone Soup version 0.30-b1-2-g02819fbbbe (webtiles) character file.

Game seed: 10905818367533557588

40 Alarkh the Sneak (level 3, 19/43 HPs)
             Began as a Demonspawn Delver on May 22, 2023.
             Quit the game on level 4 of the Dungeon.
             The game lasted 00:01:47 (405 turns).

Alarkh the Sneak (Demonspawn Delver)                 Turns: 405, Time: 00:01:48

Health: 19/43      AC:  8    Str: 12    XL:     3   Next: 30%
Magic:  3/3        EV: 11    Int: 13    God:
Gold:   37         SH:  0    Dex: 20    Spells: 2/2 levels left

rFire   . .          .
                       - Unarmed
rCold   . . .        (no shield)
rNeg    . . .        i - +1 ring mail
rPois   .            (no helmet)
rElec   .            (no cloak)
rCorr   .            (no gloves)
SInv    .            (no boots)
Will    .....        (no amulet) Stlth
                     g - +6 ring of dexterity
HPRegen 0.27/turn    (no ring)
MPRegen 0.08/turn

%: no passive effects
@: berserking (expiring), very quick
A: slimy green scales 1, powered by pain 1
a: no special abilities


You were on level 4 of the Dungeon.
You visited 1 branch of the dungeon, and saw 3 of its levels.

You collected 37 gold pieces.

Inventory:

Armour
 a - a +0 leather armour
 i - a +1 ring mail (worn)
Jewellery
 g - a +6 ring of dexterity (left hand)
 n - a +6 ring of dexterity
Wands
 f - a wand of digging (3)
Scrolls
 b - a scroll of fog
 c - a scroll of magic mapping
 d - a scroll of fear
 j - a scroll of enchant armour
Potions
 e - a potion of haste
 k - a potion of resistance {unknown}
 l - a potion of flight {unknown}
 m - a potion of heal wounds {unknown}


   Skills:
 - Level 3.0 Fighting
 - Level 1.7 Dodging
 - Level 4.5 Stealth
 + Level 3.4 Unarmed Combat


You had 2 spell levels left.
You didn't know any spells.
Your spell library was empty.

Dungeon Overview and Level Annotations

Branches:
Dungeon (6/15)
 Temple: D:4-7

Altars:
Ru

Shops:
D:6 (

Annotations:
D:5 Eustachio


Innate Abilities, Weirdness & Mutations

You are partially covered in slimy green scales. (AC +2)
You sometimes gain a little power by taking damage.


Message History

The adder bites you but does no damage. The adder closely misses you.
You climb upwards.
The iguana closely misses you. x2
There is a stone staircase leading down, spattered with blood here.
A red film seems to cover your vision as you go berserk!
You feel yourself moving faster!
You feel mighty! The iguana barely misses you. The adder misses you.
You closely miss the adder. The adder barely misses you.
You hit the adder.
The adder is heavily wounded.
The iguana bites you but does no damage.
You closely miss the adder.
The adder is heavily wounded.
The adder barely misses you. The iguana bites you!
You punch the adder!
You kill the adder!
You have reached level 2!
Your demonic ancestry asserts itself...
You feel energised by your suffering.
You closely miss the iguana.
The iguana bites you but does no damage.
You hit the iguana.
The iguana is heavily wounded.
The iguana bites you!
You hit the iguana.
The iguana is heavily wounded.
You barely miss the iguana.
The iguana is heavily wounded.
The iguana closely misses you.
You hit the iguana but do no damage. You punch the iguana!
You kill the iguana!
Your Unarmed Combat skill increases to level 3!
You have reached level 3!
Your experience leads to an increase in your attributes!
Your base attributes are Str 12, Int 11, Dex 14.
Increase (S)trength, (I)ntelligence, or (D)exterity?
You feel clever. x2; Your demonic ancestry asserts itself...
Slimy green scales grow over part of your body.
You start resting.
You feel a strong urge to attack something.
Are you sure you want to abandon this character and quit the game? (Confirm with "yes".)

. ## #.
.# #. .#
#.##.##
..... ...
#.#
#†###..#
#@†..#
####.....
..## ##


There were no monsters in sight!

Vanquished Creatures
  An iguana (D:4)
  An adder (D:4)
  2 orcs (D:5)
  2 jackals
6 creatures vanquished.

Notes
Turn   | Place    | Note
-------+----------+-------------------------------------------
     0 | D:5      | Alarkh the Demonspawn Delver began the quest for the Orb.
     0 | D:5      | Reached XP level 1. HP: 18/18 MP: 1/1
    16 | D:6      | Noticed an ogre
    16 | D:6      | Noticed an iguana
    16 | D:6      | Noticed a scorpion
    16 | D:6      | Found Niugh's Antique Weapon Emporium.
    16 | D:6      | Found a sacrificial altar of Ru.
   164 | D:5      | Noticed a centaur
   306 | D:4      | Noticed an iguana
   365 | D:5      | Noticed Eustachio
   398 | D:4      | Gained mutation: You sometimes gain a little power by
                  | taking damage. [demonic ancestry]
   398 | D:4      | Reached XP level 2. HP: 24/24 MP: 2/2
   403 | D:4      | Gained mutation: You are partially covered in slimy green
                  | scales. (AC +2) [demonic ancestry]
   403 | D:4      | Reached XP level 3. HP: 19/29 MP: 3/3
   405 | D:4      | Quit the game

Illustrated notes

Levels and vault maps discovered:
D:4:      layout_rooms, fedhas_altar_2, vehumet_crystals
D:5:      layout_gridville, minmay_temple_entry_mist, uniq_duvessa,
          uniq_eustachio
D:6:      layout_cave_pools, amcnicky_altar_gilded, tso_metal_star,
          mainiacjoe_overflow_catch_the_wave, serial_shops,
          nicolae_shop_crystal, shop, shop, shop

Skill      XL: |  1  2 |
---------------+-------+-----
Unarmed Combat | 2 3 |  3.4
Fighting       | |  3.0
Dodging        | |  1.7
Stealth        | |  4.5

Action                     || total
---------------------------++-------
  Melee: Unarmed           ||    40
         Punch             ||     1
    Use: Potion            ||     2
         Scroll            ||     1
 Armour: Ring mail         ||    12
  Dodge: Dodged            ||    27
